 Dungeon Sprint DCSS version 0.29-a0-1009-g60c99734e7 (webtiles) character file.

Game seed: 15143767610415087022

7 Hubris850 the Insei (level 1, -1/27 HPs)
             Began as a Demonspawn Monk on Aug 8, 2022.
             Was a Priest of Cheibriados.
             Slain by a scorpion (6 damage)
             ... in the Dungeon (Sprint VII: "The Pits").
             The game lasted 00:02:22 (165 turns).

Hubris850 the Insei (Demonspawn Monk)                Turns: 165, Time: 00:02:23

Health: -1/27      AC:  2    Str: 19    XL:     1   Next: 91%
Magic:  1/1        EV: 13    Int: 19    God:    Cheibriados [***...]
Gold:   0          SH:  0    Dex: 23    Spells: 0/0 levels left

rFire   . . .      SeeInvis .     - Unarmed
rCold   . . .      Faith    .   (no shield)
rNeg    . . .      Spirit   .   a - +0 robe
rPois   .          Reflect  .   (no helmet)
rElec   .          Harm     .   (no cloak)
rCorr   .          Rampage  .   (no gloves)
Will    .....      NoTele   +   (no boots)
Stlth   ..........              (no amulet)
HPRegen 0.09/turn               (no ring)
MPRegen 0.07/turn               (no ring)

@: berserking, very slow
A: no striking features
a: Renounce Religion, Bend Time, Temporal Distortion


You were in the Dungeon.
You worshipped Cheibriados.
Cheibriados was most pleased with you.
You visited 1 branch

Inventory:

Hand Weapons
 i - a +2 quarterstaff
Armour
 a - a +0 robe (worn)
Scrolls
 h - a scroll of blinking
 k - 5 scrolls of amnesia
 l - a scroll of summoning
Potions
 b - a potion of ambrosia
 d - a potion of heal wounds
 e - a potion of haste
 f - 4 potions of magic
 g - 2 potions of berserk rage
 j - 2 potions of invisibility


   Skills:
 - Level 3.0 Fighting
 - Level 2.6 Dodging
 - Level 1.7 Stealth
 + Level 4.5 Unarmed Combat


You couldn't memorise any spells.
You didn't know any spells.
Your spell library was empty.

Dungeon Overview and Level Annotations

Branches:
Dungeon (1/1)

Altars:
Ashenzari
Cheibriados
Dithmenos
Fedhas
Gozag
Hepliaklqana
Kikubaaqudgha
Makhleb
Nemelex Xobeh
Okawaru
Qazlal
Ru
Sif Muna
Trog
Uskayaw
Vehumet
Wu Jian
Xom
Yredelemnul
Jiyva
Lugonu


Message History

The hobgoblin shouts!
Okay, then.
Unknown command.
Okay, then.
The quokka twitches its whiskers.
The scorpion barely misses you.
You hit the scorpion.
The scorpion is moderately wounded.
The quokka bites you. The scorpion stings you.
You hit the scorpion.
The scorpion is heavily wounded.
The quokka bites you. The scorpion closely misses you.
You barely miss the scorpion.
The scorpion is heavily wounded.
The quokka bites you but does no damage.
The scorpion stings you.
You are poisoned.
The scorpion poisons you! The hobgoblin barely misses you.
You hit the scorpion but do no damage.
The scorpion is heavily wounded.
You feel sick. The quokka closely misses you. The scorpion stings you!
* * * LOW HITPOINT WARNING * * *
You are more poisoned.
The scorpion poisons you!
You feel better.
The orc shouts!
The hobgoblin hits you. The quokka barely misses you.
The scorpion barely misses you.
A red film seems to cover your vision as you go berserk!
Cheibriados forces you to slow down.
You feel mighty! The quokka bites you.
* * * LOW HITPOINT WARNING * * *
The scorpion misses you. The hobgoblin barely misses you. The quokka bites you.
* * * LOW HITPOINT WARNING * * *
You hit the scorpion but do no damage.
The scorpion is heavily wounded.
The scorpion completely misses you.
The hobgoblin hits you but does no damage.
The quokka closely misses you. The scorpion stings you.
You die...

##########.##..........
#.........).'..........
#+#####+#####......#..#
#...†.# #..........
#.....# ####'#####+
###)### #.......#
#.....# #.......#
#.....# #.......#
####@## #...<...#
#..sgr...##.......#
#...o....##.......#
###########.......#
#########


You could see a scorpion, an orc, a quokka and a hobgoblin.

Vanquished Creatures
  2 orcs (D)
  A giant cockroach (D)
  A quokka (D)
  A bat (D)
5 creatures vanquished.

Notes
Turn   | Place    | Note
-------+----------+-------------------------------------------
     0 | D        | Hubris850 the Demonspawn Monk began the quest for the Orb.
     0 | D        | Reached XP level 1. HP: 18/18 MP: 1/1
    21 | D        | Reached skill level 3 in Unarmed Combat
    47 | D        | Found a basalt altar of Yredelemnul.
    47 | D        | Found a shimmering altar of Xom.
    47 | D        | Found an ornate altar of the Wu Jian Council.
    47 | D        | Found a bloodstained altar of Trog.
    47 | D        | Found a shimmering blue altar of Sif Muna.
    47 | D        | Found a sacrificial altar of Ru.
    47 | D        | Found a stormy altar of Qazlal.
    47 | D        | Found an iron altar of Okawaru.
    47 | D        | Found a sparkling altar of Nemelex Xobeh.
    47 | D        | Found a burning altar of Makhleb.
    47 | D        | Found a viscous altar of Jiyva.
    47 | D        | Found a hazy altar of Hepliaklqana.
    47 | D        | Found an opulent altar of Gozag.
    47 | D        | Found a blossoming altar of Fedhas.
    47 | D        | Found a shadowy altar of Dithmenos.
    47 | D        | Found a snail-covered altar of Cheibriados.
    48 | D        | Found a radiant altar of Vehumet.
    48 | D        | Found a corrupted altar of Lugonu.
    49 | D        | Found a hide-covered altar of Uskayaw.
    49 | D        | Found an ancient bone altar of Kikubaaqudgha.
    49 | D        | Found a broken altar of Ashenzari.
    55 | D        | Became a worshipper of Cheibriados the Contemplative
    55 | D        | Reached * piety under Cheibriados
    55 | D        | Reached ** piety under Cheibriados
    84 | D        | Reached *** piety under Cheibriados
    85 | D        | Reached skill level 4 in Unarmed Combat
   155 | D        | Noticed a scorpion
   165 | D        | Slain by a scorpion

Illustrated notes

Levels and vault maps discovered:
D:        pitsprint [storerooms_1, entrance_room_1, metal_vault_7, armoury_1,
          mini_pit_1, grid_room_1, main_hall_1, silver_pit, the_coven_1,
          the_vestibule_1, steel_vault_2, golden_pit, hallway_of_sentries,
          crystal_vault_2, iron_vault_2, final_vault]

Skill      XL: |  1 |
---------------+----+-----
Unarmed Combat | 4 |  4.5
Fighting       | |  3.0
Dodging        | |  2.6
Stealth        | |  1.7

Action                   || total
-------------------------++-------
Melee: Unarmed           ||    30
  Use: Potion            ||     2
 Stab: Sleeping          ||     1
Armor: Robe              ||     5
Dodge: Dodged            ||    30

Table legend: (Time is in decaauts)
 A = Elapsed time spent in this place.
 B = Non-inter-level travel time spent in this place.
 C = Inter-level travel time spent in this place.
 D = Time resting spent in this place.
 E = Time spent auto-exploring this place.
 F = Levels seen in this place.
 G = Mean time per level.
                   A        B        C        D        E       F      G
               +--------+--------+--------+--------+--------+-----+--------+
         Total |    172 |    172 |      0 |     42 |      0 |   1 |  172.0 |
       Dungeon |    172 |    172 |      0 |     42 |      0 |   1 |  172.0 |
               +--------+--------+--------+--------+--------+-----+--------+

Top non-repeatable levels by time:
       D: 172 daAuts
